 Dungeon Crawl Stone Soup version 0.28-a0-384-g9e0c098162 (webtiles) character file.

Game seed: 5016925672323983239

114 kae the Chopper (level 4, -23/41 HPs)
             Began as a Hill Orc Fighter on Sept 2, 2021.
             Killed from afar by Ijyb (32 damage)
             ... with a bolt of acid
             ... on level 3 of the Dungeon.
             The game lasted 00:01:32 (2689 turns).

kae the Chopper (Hill Orc Fighter)                  Turns: 2689, Time: 00:01:33

Health: -23/41     AC:  6    Str: 19    XL:     4   Next: 97%
Magic:  4/4        EV:  9    Int:  8    God:
Gold:   95         SH:  4    Dex: 10    Spells: 3/3 levels left

rFire   . . .      SeeInvis .   a - +1 war axe
rCold   . . .      Faith    .   c - +0 buckler
rNeg    . . .      Spirit   .   b - +0 scale mail
rPois   .          Reflect  .   (no helmet)
rElec   .          Harm     .   (no cloak)
rCorr   .          Rampage  .   (no gloves)
Will    .....                   (no boots)
Stlth   ..........              (no amulet)
HPRegen 0.13/turn               (no ring)
MPRegen 0.09/turn               (no ring)

@: no status effects
A: no striking features
a: no special abilities


You were on level 3 of the Dungeon.
You visited 1 branch of the dungeon, and saw 3 of its levels.

You collected 95 gold pieces.

Inventory:

Hand Weapons
 a - a +1 war axe (weapon)
Armour
 b - a +0 scale mail (worn)
 c - a +0 buckler (worn)
Jewellery
 k - a +4 ring of evasion
Scrolls
 f - 3 scrolls of teleportation
Potions
 d - 2 potions of might
 e - a potion of mutation
 g - a potion of cancellation {unknown}
 h - a potion of curing {unknown}
 i - a potion of ambrosia {unknown}
 j - a potion of heal wounds {unknown}


   Skills:
 + Level 4.7 Fighting
 * Level 5.6 Axes
 - Level 3.2 Armour
 - Level 3.2 Shields


You had 3 spell levels left.
You didn't know any spells.
Your spell library contained the following spells:

 Spells                   Type           Power      Damage    Failure   Level
 Corona                   Hex            0%         N/A       80%         1
 Ensorcelled Hibernation  Hex/Ice        0%         N/A       91%         2
 Tukima's Dance           Hex            0%         N/A       99%         3


Dungeon Overview and Level Annotations

Branches:
Dungeon (3/15)

Altars:
Beogh

Annotations:
D:3 Ijyb


Message History

Ijyb is nearby!
You hit Ijyb.
Ijyb is lightly wounded.
Ijyb hits you with a +0 dagger.
You hit Ijyb.
Ijyb is lightly wounded.
Ijyb hits you with a +0 dagger.
You hit Ijyb.
Ijyb is moderately wounded.
Ijyb hits you but does no damage. x2
You hit Ijyb.
Ijyb is moderately wounded.
Ijyb hits you but does no damage.
You closely miss Ijyb.
Ijyb is moderately wounded.
Ijyb hits you with a +0 dagger.
You hit Ijyb.
Ijyb is heavily wounded.
Ijyb hits you with a +0 dagger.
You hit Ijyb.
Ijyb is heavily wounded.
Ijyb barely misses you.
Your scale mail prevents you from hitting Ijyb.
Ijyb is heavily wounded.
Ijyb closely misses you.
Ijyb zaps a wand.
The bolt of acid misses you.
You hit Ijyb.
Ijyb is severely wounded.
Ijyb hits you with a +0 dagger.
You hit Ijyb.
Ijyb is almost dead.
Ijyb hits you with a +0 dagger.
You miss Ijyb.
Ijyb is almost dead.
Ijyb zaps a wand.
The bolt of acid hits you!!
* * * LOW HITPOINT WARNING * * *
You hit Ijyb.
Ijyb is almost dead.
Ijyb zaps a wand.
The bolt of acid hits you!!
Ouch! That really hurt!
You die...

#.##########.# #.#
#.###### #.# #......# ##
#.# ##.####.#####. #.#
#####...#......... #.#
#.........^..####. #<#
#.###...#.#..# #. #.#
#.# ##.##.#..# #. #.#
#@####.##.#..# #< #.#
#g.....##.#..# ##.
#.#####..###.##.#..###..
#............##.#.......
#######..######.##.....g
#.[# #..######.
#..######.........
#....[.##..#######
##.###.##.........


You could see Ijyb.

Vanquished Creatures
  Jessica (D:3)
  Terence (D:3)
  An adder (D:2)
  A dart slug (D:1)
  4 orcs (D:3)
  2 ball pythons (D:1)
  3 endoplasms
  3 giant cockroaches
  5 goblins
  A hobgoblin (D:1)
  6 jackals (D:1)
  3 quokkas
  3 bats
  3 frilled lizards
  3 kobolds (D:1)
  4 rats
44 creatures vanquished.

Notes
Turn   | Place    | Note
-------+----------+-------------------------------------------
     0 | D:1      | kae the Hill Orc Fighter began the quest for the Orb.
     0 | D:1      | Reached XP level 1. HP: 19/19 MP: 1/1
    29 | D:1      | Reached skill level 3 in Axes
   175 | D:1      | Reached XP level 2. HP: 27/27 MP: 2/2
   192 | D:1      | Found a roughly hewn altar of Beogh.
   206 | D:1      | Found a faded altar of an unknown god.
   576 | D:1      | Reached skill level 4 in Axes
   626 | D:1      | Reached XP level 3. HP: 6/33 MP: 3/3
  2036 | D:3      | Noticed Terence
  2045 | D:3      | Killed Terence
  2046 | D:3      | Reached skill level 5 in Axes
  2046 | D:3      | Reached XP level 4. HP: 33/41 MP: 4/4
  2223 | D:3      | Noticed Jessica
  2225 | D:3      | Killed Jessica
  2320 | D:3      | Noticed Ijyb
  2689 | D:3      | Killed from afar by Ijyb

Illustrated notes

Levels and vault maps discovered:
D:1:      evilmike_arrival_plus, layout_loops_corners,
          hellmonk_ecumenical_altar_defaced_shrine, minmay_hedge_maze
D:2:      layout_basic
D:3:      layout_loops_ring, uniq_ijyb, uniq_jessica, uniq_terence

Skill      XL: |  1  2  3 |
---------------+----------+-----
Axes           | 3 4 5 |  5.6
Fighting       | 4 |  4.7
Armour         | |  3.2
Shields        | |  3.2

Action                   |  1- 3 |  4- 6 || total
-------------------------+-------+-------++-------
Melee: War axe           |   112 |    31 ||   143
  Use: Scroll            |     3 |     2 ||     5
Armor: Scale mail        |    49 |     8 ||    57
Dodge: Dodged            |    47 |    13 ||    60
Block: Buckler           |    20 |     2 ||    22

Table legend: (Time is in decaauts)
 A = Elapsed time spent in this place.
 B = Non-inter-level travel time spent in this place.
 C = Inter-level travel time spent in this place.
 D = Time resting spent in this place.
 E = Time spent auto-exploring this place.
 F = Levels seen in this place.
 G = Mean time per level.
                   A        B        C        D        E       F      G
               +--------+--------+--------+--------+--------+-----+--------+
         Total |   2732 |   2651 |     81 |    231 |   2062 |   3 |  910.7 |
       Dungeon |   2732 |   2651 |     81 |    231 |   2062 |   3 |  910.7 |
               +--------+--------+--------+--------+--------+-----+--------+

Top non-repeatable levels by time:
     D:1: 1375 daAuts
     D:2: 724 daAuts
     D:3: 633 daAuts
